 Dungeon Crawl Stone Soup version 0.17-a0-1798-g879a7aa (webtiles) character file.

4344 4thArraOfDagon the Cleaver (level 10, -1/92 HPs)
             Began as a Deep Dwarf Berserker on Sept 10, 2015.
             Was an Elder of Trog.
             Slain by an orc warrior
             ... wielding a +1 halberd of freezing
             ... led by an orc knight
              (2 damage)
             ... on level 3 of the Orcish Mines.
             The game lasted 00:14:39 (2439 turns).

4thArraOfDagon the Cleaver (Deep Dwarf Berserker)   Turns: 2439, Time: 00:14:40

Health: -1/92      AC: 12    Str: 23    XL:     10   Next: 12%
Magic:  13/13      EV: 12    Int:  9    God:    Trog [****..]
Gold:   613        SH:  0    Dex: 16    Spells: 0 memorised, 9 levels left

rFire  + . .     SeeInvis .     F - +1 hand axe (vamp)
rCold  . . .     Clarity  .     m - +3 ring mail {MR+}
rNeg   . . .     SustAt   .     (no shield)
rPois  .         Gourm    .     (no helmet)
rElec  .         Spirit   .     k - +0 cloak
rCorr  +         Warding  .     b - +0 pair of gloves
rMut   .         Stasis   .     (no boots)
MR     ++++.                    a - amulet of resist corrosion
Stlth  +.........               y - +4 ring of dexterity
                                C - ring of protection from fire

@: non-regenerating, incredibly resistant to hostile enchantments, very
unstealthy
A: damage resistance, recharge devices, sense surroundings 2, slow healing 3
a: Device Recharging, Burn Spellbooks, Berserk, Trog's Hand, Brothers in Arms,
Renounce Religion


You were on level 3 of the Orcish Mines.
You worshipped Trog.
Trog was greatly pleased with you.
You were not hungry.

You visited 2 branches of the dungeon, and saw 13 of its levels.
You also visited: Sewer and Ossuary.

You collected 613 gold pieces.

Inventory:

Hand weapons
 A - a cursed +0 battleaxe
 F - a +1 vampiric hand axe (weapon)
Armour
 b - a +0 pair of gloves (worn)
 g - a +0 buckler of protection
 k - a +0 cloak (worn)
 m - a +3 ring mail of magic resistance (worn)
Jewellery
 a - an amulet of resist corrosion (around neck)
 y - a +4 ring of dexterity (right hand)
 C - a ring of protection from fire (left hand)
Magical devices
 c - a wand of heal wounds (4)
 u - a wand of paralysis (3)
 G - a wand of teleportation (5)
Scrolls
 e - a scroll of magic mapping {unknown}
 f - a scroll of amnesia
 h - 3 scrolls of random uselessness
 q - 6 scrolls of immolation
 r - 2 scrolls of noise
 E - a scroll of identify
Potions
 l - a potion of might {unknown}
 n - a potion of heal wounds {unknown}
 o - 2 potions of brilliance {unknown}
 p - 4 potions of berserk rage {unknown}
 s - 2 potions of poison {unknown}
 t - 3 potions of curing {unknown}
 v - 2 potions of lignification {unknown}
 w - 2 potions of mutation {unknown}
 z - 3 potions of agility
 B - 2 potions of haste
Books
 D - a book of the Dragon

   Spells                             Type                      Level
   a - Flame Tongue                   Conjuration/Fire             1
   b - Cause Fear                     Hexes                        4
   c - Bolt of Fire                   Conjuration/Fire             6
   d - Dragon Form                    Transmutation                7
   e - Dragon's Call                  Summoning                    9
   Trog disapproves of the use of such an item.
Comestibles
 d - 3 bread rations
 i - a meat ration
 j - 4 chunks of flesh
 x - a beef jerky
 H - a slice of pizza


   Skills:
 + Level 6.8 Fighting
 * Level 11.3 Axes
 + Level 8.4 Armour
 - Level 2.1 Dodging
 + Level 4.8 Evocations


You had 9 spell levels left.
You didn't know any spells.

Dungeon Overview and Level Annotations

Branches:
Dungeon (9/15)             Temple (0/1) D:6             Orc (4/4) D:9
   Lair: D:8-11         Elf: Orc:3-4

Altars:
Fedhas
Kikubaaqudgha
Makhleb
Xom
Zin

Shops:
D:9 =[

Annotations:
D:8 LAIR


Innate Abilities, Weirdness & Mutations

You are resistant to damage.
You can recharge devices by infusing magical energy.
You passively map the area around you.
You do not heal naturally.


Message History

Unknown command.
Your ogre closely misses the orc knight.
The orc knight hits you but does no damage.
The orc knight hits your ogre with a broad axe.
Unknown command.
Unknown command.
Your ogre barely misses the orc knight.
The orc warrior hits you from afar with a halberd of freezing!
The orc warrior freezes you.
Unknown command.
Unknown command.
The orc knight roars a battlecry!
The orc warrior goes into a battle-frenzy!
The orc knight hits you with a broad axe!
The orc knight barely misses your ogre. The orc warrior hits you with a flail!!
* * * LOW HITPOINT WARNING * * *
The orc warrior hits you with a halberd of freezing!!
* * * LOW HITPOINT WARNING * * *
The orc warrior freezes you.
You die...

..............,, ,
.............. ##*
##............. ,
##.###...#..........
#....##.##.........o,,
#.......#.....$.... ,,
#.................
*#..O............# , *
##.o@o.........##
##.o.........##* .$.
#...........# ##≈.
##....).....## ##$..
#.....).))..# #...≈ *
#.....)))...# *#..≈
#..........)...## #..≈
##..............####..≈
##.......###..###≈....


You could see an orc knight, 2 orc warriors and a friendly ogre (berserk).

Vanquished Creatures
  Pikel (D:5)
  A troll (D:9)
  Sigmund (D:6)
  Menkaure (D:6)
  12 orc warriors
  A sky beast (D:5)
  An ice beast (D:6)
  2 ogres
  A wasp (D:9)
  An elf skeleton (D:4)
  8 wights
  A scorpion (D:9)
  An electric eel (D:9)
  A crimson imp (D:6)
  14 orc priests
  A human zombie (D:4)
  A giant frog skeleton (D:4)
  An iguana (D:4)
  12 orc wizards
  3 human skeletons (D:4)
  2 worker ants
  2 big kobold zombies (Ossuary)
  4 mummies (Ossuary)
  5 adders
  2 shadow imps
  2 oozes
  A worm (D:4)
  A giant gecko (D:3)
  102 orcs
  2 ball pythons
  A bat (D:1)
  3 hobgoblins
  A giant cockroach (D:6)
  4 jackals (D:5)
  3 kobolds (D:1)
  2 orc zombies
  A quokka zombie (D:6)
  5 rats
208 creatures vanquished.

Vanquished Creatures (others)
  A centaur zombie (D:5)
  A worker ant (D:5)
2 creatures vanquished.

Grand Total: 210 creatures vanquished

Notes
Turn   | Place    | Note
--------------------------------------------------------------
     0 | D:1      | 4thArraOfDagon the Deep Dwarf Berserker began the quest for the Orb.
     0 | D:1      | Reached XP level 1. HP: 20/20 MP: 1/1
    69 | D:1      | Reached XP level 2. HP: 20/27 MP: 2/2
   166 | D:3      | Noticed an ogre
   173 | D:3      | Killed an ogre
   173 | D:3      | Reached skill level 4 in Axes
   173 | D:3      | Reached XP level 3. HP: 18/34 MP: 3/3
   173 | D:3      | Reached XP level 4. HP: 22/42 MP: 4/4
   220 | D:3      | Acquired Trog's second power
   273 | D:3      | Reached skill level 5 in Axes
   444 | D:4      | Reached XP level 5. HP: 20/49 MP: 5/5
   499 | D:4      | Reached XP level 6. HP: 57/57 MP: 6/6
   508 | D:4      | Found a sand-covered staircase.
   560 | Ossuary  | Entered an ossuary
   592 | Ossuary  | Reached skill level 6 in Axes
   797 | D:5      | Entered Level 5 of the Dungeon
   802 | D:5      | Noticed Pikel
   814 | D:5      | Killed Pikel
   814 | D:5      | Reached skill level 7 in Axes
   814 | D:5      | Reached skill level 5 in Armour
   814 | D:5      | Reached XP level 7. HP: 58/66 MP: 7/7
   928 | D:4      | Reached XP level 8. HP: 73/73 MP: 8/8
   964 | D:4      | Reached skill level 8 in Axes
  1023 | D:6      | Found a glowing drain.
  1032 | D:6      | Reached skill level 5 in Fighting
  1044 | Sewer    | Entered a sewer
  1128 | D:6      | Noticed Menkaure
  1138 | D:6      | Noticed Sigmund
  1147 | D:6      | Killed Sigmund
  1149 | D:6      | Reached skill level 9 in Axes
  1150 | D:6      | Killed Menkaure
  1183 | D:6      | Found an ancient bone altar of Kikubaaqudgha.
  1185 | D:6      | Found a blossoming altar of Fedhas.
  1204 | D:6      | Found a staircase to the Ecumenical Temple.
  1274 | D:7      | You fall through a shaft!
  1360 | D:9      | Noticed a troll
  1372 | D:9      | Found Gacw's Jewellery Shop.
  1383 | D:9      | Killed a troll
  1383 | D:9      | Gained mutation: You passively map the area around you. [Deep Dwarf growth]
  1383 | D:9      | Reached XP level 9. HP: 61/82 MP: 9/9
  1402 | D:9      | :(
  1418 | D:9      | Found a burning altar of Makhleb.
  1423 | D:9      | Found a glowing silver altar of Zin.
  1424 | D:9      | Noticed a green death
  1424 | D:9      | Noticed an angel
  1449 | D:9      | Found Tewifoss's Armour Shop.
  1457 | D:9      | WASTE
  1485 | D:9      | Found a shimmering altar of Xom.
  1703 | D:9      | Found a shimmering altar of Xom.
  1738 | D:9      | Reached skill level 10 in Axes
  1738 | D:9      | Reached skill level 1 in Evocations
  1882 | D:9      | Found a staircase to the Orcish Mines.
  1891 | Orc:1    | Entered Level 1 of the Orcish Mines
  2034 | Orc:1    | Acquired Trog's third power
  2134 | Orc:1    | Reached skill level 11 in Axes
  2227 | Orc:3    | Reached XP level 10. HP: 92/92 MP: 13/13
  2275 | Orc:4    | Entered Level 4 of the Orcish Mines
  2422 | Orc:3    | Noticed an orc knight
  2439 | Orc:3    | HP: 1/92 [orc warrior/halberd of freezing[an orc knight] (16)]
  2439 | Orc:3    | Slain by an orc warrior

Vault maps used:
D:1:      lightli_iron_boxes
D:3:      gammafunk_temple_overflow_wave, due_unseen_surprise, uniq_purgy
D:4:      nicolae_ossuary_entry_catacombs, first_bread, uniq_edmund
D:5:      tgw_trog, nicolae_dithmenos_shadow_blocks, uniq_pikel,
          uniq_crazy_yiuf_cottage
D:6:      grunt_temple_overflow_growth_and_decay, minmay_temple_entry_junction2,
          portal_sewer_entry_a, grunt_tough_drop, uniq_sigmund, uniq_menkaure
D:8:      minitemple, minmay_lair_entry_lava, minmay_misc_feat_cross,
          uniq_gastronok
D:9:      grunt_temple_overflow_order_and_chaos_2, kennysheep_little_box,
          erik_orc_2, basic_altar, serial_shops,
          nicolae_shop_temple_entry_statues_fountains, nicolae_shop_stone,
          david_nohive_1, columned_hall_lemuel
Orc:3:    nicolae_orc_pool_cavern
Orc:4:    st_orc_pillars, okawaru_metal_pillars_3
Sewer:    sewer_co_scattered_pipes
Ossuary:  ossuary_crypta

Action                   |  1- 3 |  4- 6 |  7- 9 | 10-12 || total
-------------------------+-------+-------+-------+-------++-------
Melee: Hand axe          |    32 |    94 |   321 |    55 ||   502
Invok: Berserk           |     1 |     6 |    13 |     1 ||    21
       Trog's Hand       |       |     2 |    14 |     2 ||    18
       Brothers in Arms  |       |       |       |     1 ||     1
Evoke: Wand              |       |     1 |     4 |       ||     5
  Use: Potion            |       |     1 |       |       ||     1
       Scroll            |       |     1 |    11 |       ||    12
 Stab: Paralysed         |       |       |     3 |       ||     3
  Eat: Chunk             |       |     6 |    20 |     3 ||    29
       Meat ration       |       |       |     1 |       ||     1
